 Dungeon Crawl Stone Soup version 0.29-a0-1047-g7c58e119a4 (webtiles) character file.

Game seed: 139465532618857216

32 Zeldest the Trooper (level 3, -3/29 HPs)
             Began as a Formicid Abyssal Knight on Aug 16, 2022.
             Was a Believer of Lugonu.
             Killed by nerve-wracking pain
             ... invoked by Jessica
              (13 damage)
             ... on level 2 of the Dungeon.
             The game lasted 00:01:47 (1374 turns).

Zeldest the Trooper (Formicid Abyssal Knight)       Turns: 1374, Time: 00:01:48

Health: -3/29      AC: 11    Str: 17    XL:     3   Next: 42%
Magic:  3/4        EV:  5    Int:  9    God:    Lugonu [**....]
Gold:   87         SH:  0    Dex: 16    Spells: 2/2 levels left

rFire   . . .      SeeInvis +   a - +1 short sword
rCold   + . .      Faith    .   (no shield)
rNeg    . . .      Spirit   .   d - +0 plate armour
rPois   .          Reflect  .   (helmet unavailable)
rElec   .          Harm     .   (no cloak)
rCorr   .          Rampage  .   (no gloves)
Will    .....                   (no boots)
Stlth   ..........              (no amulet)
HPRegen 0.09/turn               b - ring of protection from cold
MPRegen 0.09/turn               (no ring)

@: no status effects
A: permanent stasis, dig shafts and tunnels, antennae 3, four strong arms
a: Dig, Shaft Self, Renounce Religion, Depart the Abyss, Bend Space


You were on level 2 of the Dungeon.
You worshipped Lugonu.
Lugonu was pleased with you.
You visited 1 branch of the dungeon, and saw 2 of its levels.
You visited the Abyss 1 time.

You collected 87 gold pieces.

Inventory:

Hand Weapons
 a - a +1 short sword (weapon)
Armour
 d - a +0 plate armour (worn)
Jewellery
 b - a ring of protection from cold (left hand)
 h - an amulet of the acrobat
Scrolls
 e - a scroll of torment {unknown}
Potions
 c - a potion of degeneration {unknown}
 f - a potion of brilliance {unknown}
 g - a potion of ambrosia {unknown}


   Skills:
 + Level 3.6 Fighting
 + Level 2.3 Short Blades
 + Level 2.6 Armour
 + Level 1.4 Dodging
 + Level 2.6 Invocations


You had 2 spell levels left.
You didn't know any spells.
Your spell library contained the following spells:

 Spells                   Type           Power      Damage    Failure   Level
 Static Discharge         Conj/Air       0%         3-3/arc   100%        2
 Ozocubu's Armour         Ice            0%         N/A       100%        3
 Lightning Bolt           Conj/Air       0%         1d11      100%        5
 Metabolic Englaciation   Hex/Ice        0%         N/A       100%        5
 Simulacrum               Ice/Necr       0%         N/A       100%        6
 Maxwell's Capacitive Co  Air            0%         ∞         100%        8


Dungeon Overview and Level Annotations

Branches:
Dungeon (2/15)

Altars:

Annotations:
D:2 Jessica


Innate Abilities, Weirdness & Mutations

You cannot be hasted, slowed, berserked, paralysed or teleported.
You can dig through walls and to a lower floor.
You have a pair of large antennae on your head. (SInv)
Your four strong arms can wield two-handed weapons with a shield.


Message History

You hit the quokka.
You kill the quokka!
Lugonu accepts your kill.
No target in view!
You now have 87 gold pieces (gained 15).
You sense a monster nearby.
No target in view!
A frilled lizard comes into view.
You barely miss the frilled lizard.
The frilled lizard bites you but does no damage.
A frilled lizard is nearby!
You miss the frilled lizard.
The frilled lizard bites you but does no damage.
A frilled lizard is nearby!
You hit the frilled lizard.
You kill the frilled lizard!
Lugonu accepts your kill.
Jessica the Apprentice Sorceress comes into view.
She is wielding a +0 dagger.
Jessica shouts!
Jessica casts a spell.
Jessica blinks!
Jessica is nearby!
Jessica hits you with a +0 dagger.
Jessica is nearby!
You hit Jessica.
Jessica is heavily wounded.
Jessica barely misses you.
Jessica is nearby!
You hit Jessica.
Jessica is almost dead.
Jessica points at you and mumbles some strange words.
Pain shoots through your body!
You are too injured to fight recklessly!
Space bends violently around you!
You blink.
You aren't carrying any items that you can evoke.
Jessica gestures wildly while chanting.
Jessica seems to speed up.
Jessica points at you and mumbles some strange words.
Pain shoots through your body!
You die...

.# ##..<..##
.#######...##
###.....#+##
###...).#.#
........#.#
###.....#.##
#........##
##........#
########.# #..##...##
#.@@.....#
#..##..#####.########
#............#
#.###..####### #.#
#..# #.###..#
#......# ######.# ...
#.# #.#


You could see Jessica (fast).

Vanquished Creatures
  A worm (D:2)
  2 ball pythons (D:1)
  4 bats
  3 endoplasms (D:1)
  A giant cockroach (D:1)
  A goblin (D:1)
  2 hobgoblins (D:1)
  3 kobolds
  3 quokkas
  A frilled lizard (D:2)
  6 rats (D:1)
  3 butterflies (D:1)
30 creatures vanquished.

Notes
Turn   | Place    | Note
-------+----------+-------------------------------------------
     0 | Abyss:1  | Zeldest the Formicid Abyssal Knight began the quest for the
                  | Orb.
     0 | Abyss:1  | Reached XP level 1. HP: 18/18 MP: 2/2
    34 | Abyss:1  | Noticed a starcursed mass
    35 | D:1      | Escaped the Abyss
   259 | D:1      | Reached skill level 1 in Dodging
   356 | D:1      | Reached XP level 2. HP: 24/24 MP: 3/3
   745 | D:1      | Reached XP level 3. HP: 28/29 MP: 4/4
  1367 | D:2      | Noticed Jessica
  1374 | D:2      | Killed from afar by Jessica

Illustrated notes

Levels and vault maps discovered:
D:1:      spicycebolla_arrival_clurvy, layout_basic, serial_curves,
          eino_curves_02, eino_curves_04
D:2:      layout_loops_corners, uniq_jessica

Skill      XL: |  1 |
---------------+----+-----
Dodging        | 1 |  1.4
Fighting       | |  3.6
Short Blades   | |  2.3
Armour         | |  2.6
Invocations    | |  2.6

Action                   || total
-------------------------++-------
Melee: Short sword       ||   101
       Punch             ||     1
Invok: Depart the Abyss  ||     1
       Bend Space        ||     1
Armor: Plate armour      ||    67
       Leather armour    ||     1
Dodge: Dodged            ||    23

Table legend: (Time is in decaauts)
 A = Elapsed time spent in this place.
 B = Non-inter-level travel time spent in this place.
 C = Inter-level travel time spent in this place.
 D = Time resting spent in this place.
 E = Time spent auto-exploring this place.
 F = Levels seen in this place.
 G = Mean time per level.
                   A        B        C        D        E       F      G
               +--------+--------+--------+--------+--------+-----+--------+
         Total |   1371 |   1354 |     17 |     42 |   1048 |   3 |  457.0 |
       Dungeon |   1336 |   1319 |     17 |     42 |   1048 |   2 |  668.0 |
         Abyss |     35 |     35 |      0 |      0 |      0 |   1 |   35.0 |
               +--------+--------+--------+--------+--------+-----+--------+

Top non-repeatable levels by time:
     D:1: 994 daAuts
     D:2: 341 daAuts
 Abyss:1: 35 daAuts
